 Dungeon Crawl Stone Soup version 0.24-a0-639-gb70a11d811 (webtiles) character file.

Game seed: 12790471503953673059, levelgen mode: deterministic

1031 Peloso the Slasher (level 8, -2/68 HPs)
             Began as a Minotaur Fighter on Sept 22, 2019.
             Killed by nerve-wracking pain
             ... invoked by an orc priest
              (12 damage)
             ... on level 5 of the Dungeon.
             The game lasted 00:12:55 (2926 turns).

Peloso the Slasher (Minotaur Fighter)               Turns: 2926, Time: 00:12:58

Health: -2/68      AC: 16    Str: 22    XL:     8   Next: 3%
Magic:  7/7        EV:  7    Int:  5    God:
Gold:   181        SH: 10    Dex: 11    Spells: 7/7 levels left

rFire    . . .     SeeInvis .   a - +0 long sword
rCold    . . .     Gourm    .   c - +0 shield
rNeg     . . .     Faith    .   p - +0 chain mail
rPois    .         Spirit   .   (helmet restricted)
rElec    .         Reflect  .   x - +0 cloak
rCorr    +         Harm     .   (no gloves)
MR       .....                  (no boots)
Stlth    ..........             (no amulet)
HPRegen  0.21/turn              g - +5 ring of protection
MPRegen  0.10/turn              n - ring of resist corrosion

@: slowed, very slow
A: retaliatory headbutt, horns 2
a: no special abilities


You were on level 5 of the Dungeon.
You were not hungry.

You visited 1 branch of the dungeon, and saw 5 of its levels.

You collected 181 gold pieces.

Inventory:

Hand Weapons
 a - a +0 long sword (weapon)
Armour
 b - a +0 scale mail
 c - a +0 shield (worn)
 p - a +0 chain mail (worn)
 x - a +0 cloak (worn)
Jewellery
 g - a +5 ring of protection (left hand)
 n - a ring of resist corrosion (right hand)
Scrolls
 e - a scroll of identify
 h - a scroll of magic mapping
 o - a scroll of amnesia
 q - 2 scrolls of fog {unknown}
 r - a scroll of immolation {unknown}
 s - 3 scrolls of fear {unknown}
 t - 3 scrolls of teleportation {unknown}
 u - a scroll of noise {unknown}
Potions
 d - 2 potions of might
 i - a potion of degeneration {unknown}
 j - a potion of heal wounds {unknown}
 k - 2 potions of agility {unknown}
 l - 3 potions of flight
 m - a potion of magic {unknown}
 v - a potion of lignification {unknown}
Comestibles
 f - 8 rations
 w - 6 chunks of flesh


   Skills:
 + Level 5.0 Fighting
 + Level 7.2 Long Blades
 + Level 6.1 Armour
 + Level 1.6 Dodging
 + Level 0.2 Stealth
 + Level 6.9 Shields


You had 7 spell levels left.
You didn't know any spells.
Your spell library was empty.

Dungeon Overview and Level Annotations

Branches:
Dungeon (5/15)
 Temple: D:4-7

Altars:
Dithmenos
Elyvilon
Fedhas
Okawaru
Vehumet
Wu Jian

Annotations:
D:3 2 transporters, skumtomte's ghost, amateur TeVM


Innate Abilities, Weirdness & Mutations

You reflexively headbutt those who attack you in melee.
You have a pair of horns on your head.


Message History

Beogh smites you! The orc priest misses you.
You closely miss the orc priest. You headbutt the orc priest.
You kill the orc priest!
You have reached level 8!
You feel stronger.
The orc priest calls down the wrath of Beogh upon you.
Pain shoots through your body! The orc priest hits you with a +0 whip.
Unknown command.
You slash the orc priest!
You kill the orc priest!
The orc priest hits you but does no damage.
Unknown command.
You hit the orc priest but do no damage.
You headbutt the orc priest, but do no damage.
The orc priest invokes the aid of Beogh against you.
Pain shoots through your body!
* * * LOW HITPOINT WARNING * * *
The orc priest mumbles some strange prayers to Beogh against you.
Pain shoots through your body!
You die...

##.# ##...##
.....# ....# ...#
. ..# #.# .#
#o#####.# #.# ##
#@##....###.# #.
#.#.........### #.
#.#..##..(....# #.
#..........##.###.
###...#...#.......
#.#...<..##.##.#
#..###'####.##..
#### ♣.♣ #..##.#
♣♣.♣♣#####.#


You could see an orc priest.

Vanquished Creatures
  A black bear (D:3)
  3 ogres (D:4)
  A bullfrog (D:5)
  2 scorpions (D:4)
  5 orc priests
  Crazy Yiuf (D:4)
  An iguana (D:5)
  Natasha (thrice) (D:4)
  4 orc wizards
  A worker ant (D:4)
  A worker ant zombie (D:5)
  3 adders (D:2)
  A shadow imp (D:5)
  3 worms
  3 leopard geckos
  17 orcs
  A bat (D:3)
  4 giant cockroaches
  8 goblins
  5 hobgoblins
  5 jackals
  5 kobolds
  A quokka (D:3)
  5 frilled lizards
  5 rats
89 creatures vanquished.

Notes
Turn   | Place    | Note
-------+----------+-------------------------------------------
     0 | D:1      | Peloso the Minotaur Fighter began the quest for the Orb.
     0 | D:1      | Reached XP level 1. HP: 19/19 MP: 0/0
   453 | D:2      | Reached XP level 2. HP: 27/27 MP: 1/1
   823 | D:2      | Found a blossoming altar of Fedhas.
   877 | D:2      | Reached XP level 3. HP: 33/33 MP: 2/2
  1093 | D:3      | Noticed a black bear
  1096 | D:3      | Found a blossoming altar of Fedhas.
  1100 | D:3      | Killed a black bear
  1100 | D:3      | Reached skill level 3 in Long Blades
  1100 | D:3      | Reached skill level 1 in Dodging
  1100 | D:3      | Reached XP level 4. HP: 41/41 MP: 3/3
  1100 | D:3      | Reached XP level 5. HP: 47/47 MP: 4/4
  1358 | D:3      | Reached skill level 5 in Shields
  1366 | D:3      | Reached skill level 4 in Long Blades
  1407 | D:3      | Found a transporter.
  1408 | D:3      | Found a transporter.
  1553 | D:3      | Noticed skumtomte's ghost (amateur TeVM)
  1721 | D:4      | Noticed an ogre
  1727 | D:4      | Killed an ogre
  1727 | D:4      | Reached XP level 6. HP: 53/53 MP: 5/5
  1756 | D:4      | Reached skill level 5 in Long Blades
  1756 | D:4      | Reached skill level 5 in Armour
  1886 | D:4      | Noticed Natasha
  1894 | D:4      | Killed Natasha
  1946 | D:4      | Reached XP level 7. HP: 58/60 MP: 6/6
  2154 | D:4      | Reached skill level 6 in Long Blades
  2403 | D:4      | Noticed Natasha
  2407 | D:4      | Killed Natasha
  2432 | D:4      | Noticed Natasha
  2438 | D:4      | Killed Natasha
  2488 | D:4      | Reached skill level 5 in Fighting
  2551 | D:4      | Found a runed translucent door.
  2552 | D:4      | Noticed Crazy Yiuf
  2594 | D:4      | Found an iron altar of Okawaru.
  2602 | D:4      | Found a white marble altar of Elyvilon.
  2602 | D:4      | Found a radiant altar of Vehumet.
  2766 | D:4      | Killed Crazy Yiuf
  2819 | D:5      | Entered Level 5 of the Dungeon
  2833 | D:5      | Found a shadowy altar of Dithmenos.
  2897 | D:5      | Found an ornate altar of the Wu Jian Council.
  2921 | D:5      | Reached skill level 7 in Long Blades
  2924 | D:5      | Reached XP level 8. HP: 37/68 MP: 7/7
  2926 | D:5      | Killed from afar by an orc priest

Levels and vault maps discovered:
D:1:      mainiacjoe_arrival_reflecting_pool, layout_rooms,
          serial_bayou_lagoon_b
D:2:      layout_basic, lemuel_doored_altar, first_ration, minmay_pentomino_u2
D:3:      layout_basic, gammafunk_ghost_gnarly_gnolls, fedhas_altar_1
D:4:      layout_loops_cross, grunt_temple_overflow_open, chequers_garden,
          uniq_crazy_yiuf_cottage, uniq_natasha
D:5:      layout_loops_cross, old_standard_altar, kennysheep_little_box,
          nicolae_overflow_crystal_walls, gammafunk_ghost_split,
          serial_park_tiny_1, evilmike_ruin_ashenzari

Skill      XL: |  1  2  3  4  5  6  7 |
---------------+----------------------+-----
Fighting       | 4 5 |  5.0
Armour         | 4 5 6 |  6.1
Shields        | 4 5 6 |  6.9
Long Blades    | 3 4 5 7 |  7.2
Dodging        | 1 |  1.6
Stealth        | |  0.2

Action                   |  1- 3 |  4- 6 |  7- 9 || total
-------------------------+-------+-------+-------++-------
Melee: Long sword        |    60 |    91 |   100 ||   251
       Headbutt          |     4 |    17 |    19 ||    40
  Use: Scroll            |     2 |       |       ||     2
       Potion            |     1 |     1 |       ||     2
  Eat: Chunk             |     1 |     3 |     3 ||     7
Armor: Scale mail        |    30 |    16 |       ||    46
       Chain mail        |       |    39 |    46 ||    85
Dodge: Dodged            |    15 |    20 |    27 ||    62
Block: Shield            |    34 |    66 |    46 ||   146
       Rpst.: Long sword |     4 |     7 |     7 ||    18

Table legend:
 A = Non-vault XP
 B = Vault XP
 C = Vault XP percentage of total XP
 D = Non-vault monster count
 E = Vault monster count
 F = Vault count percentage of total count
                 A         B        C        D         E       F
            +---------+---------+-------+---------+---------+-------
      Total |    1381 |      93 |   6.3 |      85 |       4 |   4.5
            +---------+---------+-------+---------+---------+-------
        D:1 |      11 |       0 |   0.0 |       7 |       0 |   0.0
        D:2 |      47 |      18 |  27.7 |      14 |       2 |  12.5
        D:3 |     260 |       0 |   0.0 |      30 |       0 |   0.0
        D:4 |     790 |      75 |   8.7 |      25 |       2 |   7.4
        D:5 |     273 |       0 |   0.0 |       9 |       0 |   0.0
            +---------+---------+-------+---------+---------+-------
